 Dungeon Crawl Stone Soup version 0.19-a0-1057-g15bb84d (webtiles) character file.

803 4thArraOfDagon the Cleaver (level 7, -7/57 HPs)
             Began as a Minotaur Berserker on Aug 2, 2016.
             Was a Believer of Trog.
             Killed by divine providence
             ... invoked by an orc priest
              (16 damage)
             ... on level 7 of the Dungeon.
             The game lasted 00:04:15 (671 turns).

4thArraOfDagon the Cleaver (Minotaur Berserker)      Turns: 671, Time: 00:04:16

Health: -7/57      AC: 10    Str: 24    XL:     7   Next: 59%
Magic:  6/6        EV:  9    Int:  2    God:    Trog [**....]
Gold:   133        SH:  0    Dex:  7    Spells: 0 memorised, 6 levels left

rFire  . . .     SeeInvis .     g - +1 hand axe (elec)
rCold  . . .     Gourm    .     i - +0 chain mail
rNeg   . . .     Faith    .     (no shield)
rPois  .         Spirit   .     (helmet restricted)
rElec  .         Dismiss  .     (no cloak)
rCorr  .         Reflect  .     (no gloves)
SustAt .         Harm     .     (no boots)
MR     ++...                    (no amulet)
Stlth  ..........               (no ring)
                                f - -2 ring of dexterity (curse)

@: exhausted, regenerating, slowed, very slow, very resistant to hostile
enchantments, extremely unstealthy
A: retaliatory headbutt, horns 2, dopey 1, regeneration 1, screaming 1,
evolution 1
a: Berserk, Trog's Hand, Burn Spellbooks, Renounce Religion


You were on level 7 of the Dungeon.
You worshipped Trog.
Trog was pleased with you.
You were very hungry.

You visited 1 branch of the dungeon, and saw 7 of its levels.

You collected 133 gold pieces.

Inventory:

Hand Weapons
 g - a +1 hand axe of electrocution (weapon)
Armour
 i - a +0 chain mail (worn)
Jewellery
 f - a cursed -2 ring of dexterity (left hand)
Scrolls
 a - a scroll of enchant weapon {unknown}
 d - a scroll of remove curse {unknown}
 j - a scroll of torment {unknown}
 k - a scroll of holy word {unknown}
 m - a scroll of blinking {unknown}
 p - a scroll of amnesia {unknown}
Potions
 e - a potion of heal wounds {unknown}
 h - 2 potions of cancellation {unknown}
 n - a potion of lignification {unknown}
Comestibles
 b - a beef jerky
 c - a bread ration
 l - 2 chunks of flesh
 o - a meat ration


   Skills:
 - Level 3.6 Fighting
 * Level 9.3 Axes
 + Level 6.1 Armour
 - Level 2.1 Dodging


You had 6 spell levels left.
You didn't know any spells.

Dungeon Overview and Level Annotations

Branches:
Dungeon (7/15)
 Temple: D:4-7

Altars:
Cheibriados
Okawaru
Uskayaw
Zin


Innate Abilities, Weirdness & Mutations

You reflexively headbutt those who attack you in melee.
You have a pair of horns on your head.
You are dopey. (Int -2)
Your natural rate of healing is unusually fast.
You occasionally shout uncontrollably at your foes.
You evolve.


Message History

The puff of frost hits you!
* * * LOW HITPOINT WARNING * * *
The orc priest hits you but does no damage.
Unknown command.
Unknown command.
You completely miss the orc priest. You closely miss the orc wizard.
The orc wizard hits you but does no damage.
The orc priest hits you with a mace.
* * * LOW HITPOINT WARNING * * *
The orc wizard hits you but does no damage.
Unknown command.
Unknown command.
Unknown command.
Unknown command.
You hit the orc priest.
The orc priest is moderately wounded.
You closely miss the orc wizard.
The orc priest calls down the wrath of Beogh upon you.
Beogh smites you!
You die...

....................
.
############.###.##
.# #..###.###.###..#
#................
#................
##+##..##..######
#..##..###..###.
#....)).........
#.....@o........
#######o###..### #.#
## #.. #... #....
#..... #......
##+###..


You could see an orc priest and an orc wizard.

Vanquished Creatures
  An ice beast (D:7)
  An orc warrior (D:7)
  A sky beast (D:6)
  A phantom (D:7)
  A giant frog (D:6)
  A gnoll sergeant (D:7)
  A scorpion (D:7)
  A hound (D:6)
  A centaur skeleton (D:6)
  A giant frog skeleton (D:7)
  Terence (D:2)
  2 worker ants (D:6)
  2 hound zombies (D:7)
  3 gnolls (D:7)
  2 adders (D:3)
  A worm (D:3)
  A dart slug (D:3)
  4 giant geckos
  6 orcs
  A giant cockroach (D:4)
  2 goblins (D:3)
  A hobgoblin (D:3)
  2 kobolds
  6 quokkas
  A giant newt (D:3)
  A rat (D:2)
46 creatures vanquished.

Notes
Turn   | Place    | Note
-------+----------+-------------------------------------------
     0 | D:1      | 4thArraOfDagon the Minotaur Berserker began the quest for the Orb.
     0 | D:1      | Reached XP level 1. HP: 19/19 MP: 0/0
    88 | D:3      | Reached skill level 4 in Axes
    95 | D:3      | Reached XP level 2. HP: 26/26 MP: 1/1
    98 | D:3      | Noticed Terence
   116 | D:2      | Killed Terence
   116 | D:2      | Reached skill level 5 in Axes
   116 | D:2      | Reached XP level 3. HP: 31/31 MP: 2/2
   200 | D:3      | Reached ** piety under Trog
   203 | D:3      | Reached XP level 4. HP: 35/39 MP: 3/3
   240 | D:4      | Noticed a phantom
   249 | D:5      | Entered Level 5 of the Dungeon
   361 | D:6      | Reached skill level 6 in Axes
   394 | D:5      | Found a hide-covered altar of Uskayaw.
   441 | D:6      | Noticed a sky beast
   449 | D:6      | Killed a sky beast
   449 | D:6      | Reached XP level 5. HP: 45/45 MP: 4/4
   451 | D:6      | Reached skill level 7 in Axes
   455 | D:6      | Reached XP level 6. HP: 51/51 MP: 5/5
   461 | D:6      | Gained mutation: You occasionally shout uncontrollably at your foes. [mutagenic meat]
   464 | D:6      | Gained mutation: You evolve. [mutagenic meat]
   467 | D:6      | Gained mutation: You are dopey. (Int -2) [mutagenic meat]
   470 | D:6      | Gained mutation: Your natural rate of healing is unusually fast. [mutagenic meat]
   478 | D:6      | Found a glowing silver altar of Zin.
   520 | D:7      | Found an iron altar of Okawaru.
   539 | D:7      | Noticed an ice beast
   582 | D:7      | Found a snail-covered altar of Cheibriados.
   608 | D:7      | Reached skill level 8 in Axes
   608 | D:7      | Reached skill level 5 in Armour
   614 | D:7      | Reached XP level 7. HP: 57/57 MP: 6/6
   659 | D:7      | Reached skill level 9 in Axes
   671 | D:7      | Killed from afar by an orc priest

Vault maps used:
D:1:      kennysheep_arrival_seaside
D:2:      nicolae_gozag_cash_rules_everything_around_me, first_bread, uniq_iyjb,
          uniq_jessica, uniq_crazy_yiuf_cottage, uniq_sigmund
D:3:      overflow_temple_1_default, uniq_terence
D:4:      okawaru_metal_pillars_1_2, uniq_natasha
D:5:      overflow_temple_1_default, nicolae_overflow_hidden_temple
D:6:      basic_altar
D:7:      slow_altar_2, kennysheep_mini_moat, old_standard_altar, uniq_duvessa,
          uniq_prince_ribbit1

Skill      XL: |  1  2  3  4  5  6  7 |
---------------+----------------------+-----
Axes           | 4 5 6 7 8 9 |  9.3
Armour         | 3 4 5 6 |  6.1
Fighting       | |  3.6
Dodging        | |  2.1

Action                   |  1- 3 |  4- 6 |  7- 9 || total
-------------------------+-------+-------+-------++-------
Melee: Hand axe          |    30 |    56 |    15 ||   101
       Headbutt          |     4 |     8 |     1 ||    13
Invok: Berserk           |     1 |     2 |     1 ||     4
       Trog's Hand       |       |       |     2 ||     2
  Eat: Chunk             |       |     5 |     2 ||     7
Armor: Chain mail        |    14 |    56 |     9 ||    79
Dodge: Dodged            |    18 |    36 |     2 ||    56
